 Dungeon Crawl Stone Soup version 0.30.0-5-g1a98f26d00 (webtiles) character file.

Game seed: 13268029685652910167

25246 Jackthecabe the Protected (level 12, -1/94 HPs)
             Began as a Demonspawn Hexslinger on May 9, 2023.
             Was an Elder of Qazlal.
             Slain by a swamp worm (10 damage)
             ... on level 3 of the Lair of Beasts.
             The game lasted 00:28:29 (16071 turns).

Jackthecabe the Protected (Demonspawn Hexslinger)  Turns: 16071, Time: 00:28:30

Health: -1/94      AC:  8    Str: 11    XL:     12   Next: 87%
Magic:  20/20      EV: 17    Int: 15    God:    Qazlal [****..]
Gold:   692        SH:  5    Dex: 18    Spells: 12/13 levels left

rFire   + + +        U - +9 long sword of Scorn {heavy, rPois rF++}
rCold   + . .        (no shield)
rNeg    . . .        o - +0 leather armour {rC+}
rPois   +            (no helmet)
rElec   .            (no cloak)
rCorr   .            W - +0 pair of gloves
SInv    .            L - +0 pair of boots
Will    .....        P - amulet of faith {!P}
Stlth   +            F - ring of protection from fire
HPRegen 0.35/turn    E - +5 ring of evasion
MPRegen 0.17/turn

%: repel missiles, faith
@: no status effects
A: rugged brown scales 1, foul stench 3, spiny 2, weakness stinger 2
a: Renounce Religion, Upheaval, Elemental Force


You were on level 3 of the Lair of Beasts.
You worshipped Qazlal.
Qazlal was greatly pleased with you.
You visited 3 branches of the dungeon, and saw 15 of its levels.
You also visited: Ossuary.

You collected 692 gold pieces.


Innate Abilities, Weirdness & Mutations

You are partially covered in rugged brown scales. (AC +1, +3% HP)
You frequently emit foul miasma when damaged in melee.
You are mostly covered in sharp spines.
You have a tail ending in a sharp stinger.


   Skills:
 - Level 8.0 Fighting
 * Level 10.6 Long Blades
 - Level 6.0 Ranged Weapons
 - Level 12.0 Armour
 - Level 2.0 Dodging
 - Level 1.0 Spellcasting
 - Level 3.0 Hexes
 + Level 11.5 Invocations
 - Level 2.0 Evocations


You had 12 spell levels left.
You knew the following spells:

 Your Spells              Type           Power      Damage    Failure   Level
s - Slow                  Hex            36%        N/A       9%          1

Your spell library contained the following spells:

 Spells                   Type           Power      Damage    Failure   Level
 Magic Dart               Conj           0%         1d3       30%         1
 Cigotuvi's Dreadful Rot  Necr/Pois/Air  0%         N/A       41%         2
 Searing Ray              Conj           0%         2d4       41%         2
 Inner Flame              Hex/Fire       5%         N/A       43%         3
 Portal Projectile        Hex/Tloc       10%        N/A       43%         3
 Hailstorm                Conj/Ice       0%         3d3       65%         3
 Ignite Poison            Fire/Tmut/Pois 0%         N/A       65%         3
 Ozocubu's Armour         Ice            0%         N/A       65%         3
 Cause Fear               Hex            4%         N/A       65%         4
 Fulminant Prism          Conj/Hex       2%         3d5       85%         4
 Animate Armour           Summ/Erth      0%         N/A       96%         4
 Flame Wave               Conj/Fire      0%         2d4       96%         4
 Ice Form                 Ice/Tmut       0%         N/A       96%         4
 Petrify                  Tmut/Erth      0%         N/A       96%         4
 Sticky Flame             Conj/Fire      0%         2d3       96%         4
 Summon Ice Beast         Ice/Summ       0%         N/A       96%         4
 Summon Mana Viper        Hex/Summ       5%         N/A       99%         5
 Freezing Cloud           Conj/Ice/Air   0%         6-21      100%        5
 Iron Shot                Conj/Erth      0%         9d1       100%        6
 Simulacrum               Ice/Necr       0%         N/A       100%        6
 Monstrous Menagerie      Summ           0%         N/A       100%        7
 Ozocubu's Refrigeration  Ice            0%         4d7       100%        7
 Polar Vortex             Ice            0%         N/A       100%        9

Inventory:

Hand Weapons
 U - the +9 long sword of Scorn (weapon) {heavy, rPois rF++}
   (You found it on level 10 of the Dungeon)

   rF:        It greatly protects you from fire.
   rPois:     It protects you from poison.
Missiles
 a - a curare-tipped dart {=f}
 Q - 2 throwing nets {=f}
Armour
 o - a +0 leather armour of cold resistance (worn)
 L - a +0 pair of boots (worn)
 W - a +0 pair of gloves (worn)
Magical Staves
 i - a staff of fire {!a}
Jewellery
 e - an amulet of guardian spirit
 v - a ring of see invisible
 E - a +5 ring of evasion (right hand)
 F - a ring of protection from fire (left hand)
 N - a ring of positive energy
 P - an amulet of faith (around neck) {!P}
 R - a ring of resist corrosion
Wands
 b - a wand of quicksilver (7)
 G - a wand of polymorph (5)
 M - a wand of mindburst (50)
 X - a wand of paralysis (15)
 Y - a wand of flame (9)
Scrolls
 f - 3 scrolls of poison
 g - 3 scrolls of summoning {unknown}
 h - 2 scrolls of brand weapon {unknown}
 j - 18 scrolls of identify {unknown}
 p - 2 scrolls of magic mapping {unknown}
 r - 2 scrolls of acquirement {unknown}
 s - 3 scrolls of noise {unknown}
 t - 2 scrolls of enchant weapon {unknown}
 w - a scroll of blinking {unknown}
 y - 3 scrolls of fog {unknown}
 z - 3 scrolls of amnesia {unknown}
 J - 4 scrolls of immolation {unknown}
 K - 6 scrolls of teleportation {unknown}
 S - a scroll of enchant armour {unknown}
 V - 3 scrolls of vulnerability {unknown}
Potions
 c - 4 potions of heal wounds {unknown}
 k - 3 potions of lignification {unknown}
 l - 4 potions of curing {unknown}
 m - 3 potions of resistance {unknown}
 n - 2 potions of flight {unknown}
 q - 3 potions of attraction {unknown}
 u - 2 potions of berserk rage {unknown}
 x - 2 potions of degeneration {unknown}
 A - 4 potions of magic {unknown}
 C - 2 potions of mutation {unknown}
 I - a potion of might {unknown}
 O - a potion of invisibility {unknown}
 T - a potion of haste {unknown}
 Z - 2 potions of brilliance {unknown}

Dungeon Overview and Level Annotations

Branches:
Dungeon (11/15)            Temple (1/1) D:7            Lair (3/5) D:10
    Orc (0/2) D:11        Ossuary (visited)
  Swamp: Lair:2-3    Shoals: Lair:2-3     Snake: Lair:2-3    Spider: Lair:2-3

Altars:
Ashenzari
Cheibriados
Dithmenos
Fedhas
Gozag
Hepliaklqana
Kikubaaqudgha
Makhleb
Nemelex Xobeh
Okawaru
Qazlal
Ru
Sif Muna
Trog
Uskayaw
Vehumet
Wu Jian
Xom
Yredelemnul

Annotations:
D:3 3 runed translucent doors, feetsoup's ghost, amateur SpHu
D:4 Sigmund
D:10 1 transporter

.........##.# ........###.#
###P.######.#### ###...#
#...#.# ..#+#.# ###..## #
......#######..### .###
......P#.....§...## #....
......###.....☼○.w#########....
......+.........@♣.....#.†..#
).....♣.♣♣♣♣♣♣♣♣♣..........##
.....♣♣ ♣♣♣♣♣♣♣♣......###
....♣♣ ~~~≈w~≈♣♣♣......# ....♣
♣..(...††..##.# ....♣
....♣.♣...⌠†.P... ....♣ ~
≈~~≈♣♣♣...F.... ....♣ ♣♣♣♣♣
..#....## #.P.# ..###.##


You could see a swamp worm.


Message History

The swamp worm moves out of view.
You start resting.
A swamp worm is nearby!
The swamp worm fires a harpoon shot at you.
The harpoon shot is repelled.
You see here a wolf corpse.
A bullfrog comes into view.
The swamp worm fires a harpoon shot at you.
The harpoon shot misses you.
The swamp worm fires a harpoon shot at you.
The harpoon shot is repelled.
The swamp worm fires a harpoon shot at you.
The harpoon shot misses you.
The swamp worm fires a harpoon shot at you.
The harpoon shot is repelled.
The swamp worm fires a harpoon shot at you.
The harpoon shot hits you but does no damage.
You block the bullfrog's attack.
You slice the bullfrog!!
You kill the bullfrog!
Qazlal accepts your kill.
You feel yourself speed up.
The swamp worm is struck by your spines.
The swamp worm bites you!!
* * * LOW HITPOINT WARNING * * *
You slash the swamp worm!
You tail-slap the swamp worm, but do no damage.
The swamp worm is heavily wounded.
The swamp worm bites you!
You die...

Skill      XL: |  1  2  3  4  5  6  7  8  9 10 11 12 |
---------------+-------------------------------------+-----
Ranged Weapons | 2 3 4 5 6 |  6.0
Fighting       | 5 6 8 |  8.0
Evocations     | 2 |  2.0
Armour         | 2 6 9 10 12 | 12.0
Dodging        | 2 |  2.0
Long Blades    | 4 6 8 10 | 10.6
Invocations    | 4 7 9 11 | 11.5
Spellcasting   | |  1.0
Hexes          | |  3.0

Action                     |  1- 3 |  4- 6 |  7- 9 | 10-12 || total
---------------------------+-------+-------+-------+-------++-------
  Melee: Hand axe          |    31 |       |       |       ||    31
         Punch             |     2 |     2 |       |     8 ||    12
         Dagger            |    86 |   258 |    49 |       ||   393
         Tailslap          |       |    14 |    38 |    71 ||   123
         Falchion          |       |       |   167 |   127 ||   294
         Unarmed           |       |       |     9 |       ||     9
         Long sword        |       |       |       |   261 ||   261
   Fire: Sling             |    32 |    50 |    28 |       ||   110
   Cast: Slow              |     5 |     2 |       |       ||     7
 Invoke: Upheaval          |       |       |       |     5 ||     5
  Evoke: Wand              |       |       |       |     7 ||     7
   Stab: Sleeping          |     1 |     1 |     1 |       ||     3
         Distracted        |       |     1 |       |       ||     1
 Armour: Robe              |     7 |       |       |       ||     7
         Leather armour    |    16 |    34 |    36 |    58 ||   144
         Skin              |       |       |     1 |       ||     1
  Dodge: Dodged            |   100 |   172 |   176 |   271 ||   719
         Repelled          |       |       |       |     6 ||     6
  Block: Other             |       |       |     5 |    70 ||    75

Levels and vault maps discovered:
D:1:      dpeg_arrival_simpleton_b, layout_loops_ring
D:2:      layout_loops_corners, kennysheep_generic_room_2, uniq_terence
D:3:      layout_basic, nicolae_hepliaklqana_monster_ancestors,
          gammafunk_ghost_necromancy, minmay_hedge_maze
D:4:      nicolae_cairo_tiling_very_big, layout_basic,
          nicolae_tso_carved_into_rock, nicolae_ossuary_entry_ruins,
          uniq_sigmund
D:5:      layout_gridville, grunt_dithmenos_smoke, chequers_mini_garden,
          small_statue_intersection, uniq_duvessa, uniq_ijyb, uniq_pikel
D:6:      layout_basic, mainiacjoe_overflow_alcove_4, uniq_eustachio
D:7:      layout_basic, temple_doors_e, feat_on_display
D:8:      layout_basic, serial_corexii_hall, chequers_hall_statues_wall_a,
          chequers_hall_statues_wall_a, st_stairs_5
D:9:      layout_irregular_city, xom_shifter_show, kennysheep_little_box,
          gammafunk_temple_overflow_pools, uniq_harold
D:10:     layout_basic, david_lair_shrubbed, nicolae_diode_basic
D:11:     layout_basic, hiddenorc2_lemuel
Temple:   eino_temple_water
Lair:1:   layout_cave_pods, minmay_holes, kennysheep_snail_temple
Lair:2:   layout_gridlike, grunt_forest_stairs_basic, tgw_fedhas,
          lemuel_fruit_tree
Lair:3:   layout_roguey, nicolae_swamp_entry_splash_gauntlet,
          spider_nest_entry_webs, cheibrodos_lair_reptile_den, uniq_rupert,
          uniq_prince_ribbit2, uniq_kirke

Notes
Turn   | Place    | Note
-------+----------+-------------------------------------------
     0 | D:1      | Jackthecabe the Demonspawn Hexslinger began the quest for
                  | the Orb.
     0 | D:1      | Reached XP level 1. HP: 15/15 MP: 2/2
    68 | D:1      | Reached skill level 2 in Ranged Weapons
   260 | D:1      | Gained mutation: You may rarely emit foul miasma when
                  | damaged in melee. [demonic ancestry]
   260 | D:1      | Reached XP level 2. HP: 13/21 MP: 3/3
   609 | D:1      | Reached skill level 3 in Ranged Weapons
  1035 | D:2      | Reached XP level 3. HP: 26/26 MP: 4/4
  1728 | D:2      | Reached XP level 4. HP: 32/32 MP: 5/5
  1732 | D:2      | Noticed Terence
  1750 | D:2      | Killed Terence
  1751 | D:2      | Reached skill level 4 in Ranged Weapons
  1974 | D:3      | Found a runed translucent gate.
  1974 | D:3      | Found a runed translucent gate.
  1974 | D:3      | Found a runed translucent gate.
  1979 | D:3      | Noticed feetsoup's ghost (amateur SpHu)
  1979 | D:3      | Found the +1 Delatra's gloves {ID++}
  2245 | D:3      | Found a hazy altar of Hepliaklqana.
  2257 | D:3      | Gained mutation: You are partially covered in rugged brown
                  | scales. (AC +1, +3% HP) [demonic ancestry]
  2257 | D:3      | Reached XP level 5. HP: 32/38 MP: 6/6
  2400 | D:3      | Reached skill level 5 in Ranged Weapons
  2915 | D:4      | Noticed Sigmund
  2977 | D:4      | Found a sand-covered staircase.
  2988 | Ossuary  | Entered an ossuary
  3116 | Ossuary  | Gained mutation: You have a small tail. [demonic ancestry]
  3116 | Ossuary  | Reached XP level 6. HP: 32/44 MP: 4/7
  3226 | Ossuary  | Reached skill level 6 in Ranged Weapons
  3402 | Ossuary  | Reached skill level 2 in Fighting
  3740 | D:4      | Reached skill level 3 in Fighting
  3992 | D:5      | Entered Level 5 of the Dungeon
  3992 | D:5      | Noticed Pikel
  4008 | D:4      | Killed Pikel
  4009 | D:4      | Reached skill level 4 in Fighting
  4009 | D:4      | Reached skill level 2 in Evocations
  4009 | D:4      | Reached skill level 5 in Fighting
  4009 | D:4      | Gained mutation: You are partially covered in sharp spines.
                  | [demonic ancestry]
  4009 | D:4      | Reached XP level 7. HP: 46/58 MP: 5/8
  4070 | D:5      | Reached skill level 6 in Fighting
  4070 | D:5      | Reached skill level 1 in Armour
  4128 | D:5      | Noticed Duvessa
  4128 | D:5      | Noticed Dowan
  4168 | D:5      | Killed Duvessa
  4169 | D:5      | Reached skill level 2 in Armour
  4169 | D:5      | Reached skill level 2 in Dodging
  4169 | D:5      | Gained mutation: You are mostly covered in sharp spines.
                  | [demonic ancestry]
  4169 | D:5      | Reached XP level 8. HP: 53/65 MP: 6/9
  4171 | D:5      | Killed Dowan
  4496 | D:5      | Found a shadowy altar of Dithmenos.
  4502 | D:5      | Noticed Ijyb
  4600 | D:5      | Killed Ijyb
  5213 | D:6      | Found a snail-covered altar of Cheibriados.
  5231 | D:6      | Reached skill level 7 in Fighting
  5244 | D:6      | Reached skill level 1 in Long Blades
  5378 | D:6      | Reached skill level 2 in Long Blades
  5783 | D:6      | Reached skill level 8 in Fighting
  5783 | D:6      | Reached skill level 3 in Long Blades
  5838 | D:6      | Noticed Eustachio
  5853 | D:6      | Killed Eustachio
  6050 | D:6      | Reached skill level 4 in Long Blades
  6051 | D:6      | Gained mutation: You have a tail ending in a sharp stinger.
                  | [demonic ancestry]
  6051 | D:6      | Reached XP level 9. HP: 61/76 MP: 7/10
  6380 | D:7      | Reached skill level 5 in Long Blades
  6485 | D:7      | Found a staircase to the Ecumenical Temple.
  6909 | Temple   | Entered the Ecumenical Temple
  7143 | Temple   | Became a worshipper of Qazlal Stormbringer
  7262 | D:7      | Reached skill level 6 in Long Blades
  7347 | D:8      | Reached skill level 3 in Armour
  7443 | D:8      | Reached * piety under Qazlal
  7518 | D:8      | Reached skill level 4 in Armour
  7640 | D:8      | Reached skill level 1 in Invocations
  7647 | D:8      | Reached skill level 5 in Armour
  7647 | D:8      | Reached skill level 2 in Invocations
  7990 | D:8      | Reached skill level 3 in Invocations
  8526 | D:9      | Found a shimmering altar of Xom.
  8526 | D:9      | Found a shimmering altar of Xom.
  8526 | D:9      | Found a shimmering altar of Xom.
  8526 | D:9      | Found a shimmering altar of Xom.
  8573 | D:9      | Noticed Harold
  8590 | D:9      | Killed Harold
  8591 | D:9      | Reached skill level 6 in Armour
  8591 | D:9      | Reached skill level 4 in Invocations
  8591 | D:9      | Reached XP level 10. HP: 47/82 MP: 11/13
  8834 | D:9      | HP: 8/82 [yak (4)]
  8839 | D:9      | Reached skill level 5 in Invocations
  9070 | D:9      | Found a shimmering altar of Xom.
  9070 | D:9      | Found a shimmering altar of Xom.
  9121 | D:9      | Reached skill level 7 in Armour
  9520 | D:8      | Reached skill level 6 in Invocations
  9760 | D:9      | Reached skill level 8 in Armour
  9776 | D:9      | Noticed a death drake
  9873 | D:9      | Found a sparkling altar of Nemelex Xobeh.
 10051 | D:9      | Found a basalt altar of Yredelemnul.
 10052 | D:9      | Found a hide-covered altar of Uskayaw.
 10310 | D:10     | Entered Level 10 of the Dungeon
 10326 | D:10     | Reached ** piety under Qazlal
 10417 | D:10     | Found a staircase to the Lair.
 10436 | D:10     | Reached skill level 7 in Invocations
 10565 | D:10     | Found a transporter.
 10943 | D:10     | Identified the +9 long sword of Scorn {heavy, rPois rF++}
 10987 | D:10     | Identified the +5 quarterstaff of the Dwarven Hall {heavy,
                  | rElec rN+}
 11166 | D:10     | Reached skill level 9 in Armour
 11307 | D:11     | Gained mutation: You sometimes emit foul miasma when
                  | damaged in melee. [demonic ancestry]
 11307 | D:11     | Reached XP level 11. HP: 78/88 MP: 16/16
 11437 | D:11     | Reached *** piety under Qazlal
 11439 | D:11     | Reached skill level 8 in Invocations
 11463 | D:11     | Found a staircase to the Orcish Mines.
 11943 | D:11     | Noticed a deep elf pyromancer
 11953 | D:11     | Killed a deep elf pyromancer
 12260 | D:11     | Got the Handbook of the Shrike
 12646 | Lair:1   | Entered Level 1 of the Lair of Beasts
 12655 | Lair:1   | Reached skill level 7 in Long Blades
 12712 | Lair:1   | HP: 7/88 [yak (14)]
 13164 | Lair:1   | Reached skill level 10 in Armour
 13202 | Lair:1   | Found a snail-covered altar of Cheibriados.
 13454 | Lair:1   | Reached skill level 9 in Invocations
 13695 | Lair:1   | Reached skill level 8 in Long Blades
 13889 | Lair:2   | Noticed a skyshark
 13895 | Lair:1   | Reached **** piety under Qazlal
 13961 | Lair:2   | Killed a skyshark
 14204 | Lair:2   | Gained mutation: You frequently emit foul miasma when
                  | damaged in melee. [demonic ancestry]
 14204 | Lair:2   | Reached XP level 12. HP: 45/94 MP: 19/19
 14524 | Lair:2   | Reached skill level 11 in Armour
 14722 | Lair:2   | Reached skill level 10 in Invocations
 14876 | Lair:2   | Found a blossoming altar of Fedhas.
 14951 | Lair:2   | Reached skill level 9 in Long Blades
 15560 | Lair:3   | Noticed Rupert
 15574 | Lair:3   | Killed Rupert
 15674 | Lair:3   | Noticed Prince Ribbit
 15677 | Lair:3   | Reached skill level 10 in Long Blades
 15880 | Lair:2   | Killed Prince Ribbit
 15885 | Lair:3   | Reached skill level 11 in Invocations
 15887 | Lair:3   | Reached skill level 12 in Armour
 16010 | Lair:3   | Reached ***** piety under Qazlal
 16017 | Lair:3   | HP: 4/94 [redback (8)]
 16025 | Lair:3   | HP: 5/94 [wolf (3)]
 16070 | Lair:3   | HP: 9/94 [swamp worm (20)]
 16071 | Lair:3   | Slain by a swamp worm

Vanquished Creatures
  Rupert (Lair:3)
  Harold (D:9)
  A skyshark (Lair:2)
  2 bog bodies (Lair:3)
  Pikel (D:4)
  A deep elf pyromancer (D:11)
  An oklob plant (Lair:2)
  A black mamba (Lair:2)
  8 cane toads
  A torpor snail (Lair:1)
  A rime drake (Lair:2)
  7 komodo dragons
  2 polar bears
  A troll (D:11)
  Prince Ribbit (Lair:2)
  A hornet (D:9)
  16 blink frogs
  2 shadows
  A wyvern (D:10)
  33 yaks
  Eustachio (D:6)
  A basilisk (Lair:1)
  A redback (Lair:3)
  2 steam dragons
  A swamp worm (Lair:3)
  4 water moccasins
  An acid dragon (D:11)
  A sky beast (D:8)
  Duvessa (D:5)
  An ice beast (D:8)
  3 black bears
  13 wolves
  3 centaurs
  A phantom (D:5)
  3 kobold brigands
  A gnoll sergeant (D:10)
  9 bullfrogs
  A scorpion (D:6)
  13 wights
  5 killer bees (D:10)
  Dowan (D:5)
  4 howler monkeys
  A hound (D:4)
  A gnoll bouda (D:7)
  11 orc priests
  2 sleepcaps (D:8)
  Terence (D:2)
  4 iguanas
  Ijyb (D:5)
  11 orc wizards
  12 mummies (Ossuary)
  12 gnolls
  8 adders
  2 shadow imps
  A white imp (D:8)
  An ufetubus (D:4)
  2 worms (D:2)
  3 dart slugs
  44 orcs
  8 endoplasms
  6 giant cockroaches
  6 goblins
  6 hobgoblins
  6 jackals
  5 quokkas
  6 ball pythons
  4 bats
  4 frilled lizards
  4 gnoll skeletons (Ossuary)
  2 goblin skeletons (Ossuary)
  18 kobolds
  A kobold skeleton (Ossuary)
  An orc skeleton (Ossuary)
  2 rats
  11 rat skeletons (Ossuary)
  A spectral goblin (D:3)
362 creatures vanquished.

Table legend: (Time is in decaauts)
 A = Elapsed time spent in this place.
 B = Non-inter-level travel time spent in this place.
 C = Inter-level travel time spent in this place.
 D = Time resting spent in this place.
 E = Time spent auto-exploring this place.
 F = Levels seen in this place.
 G = Mean time per level.
                   A        B        C        D        E       F      G
               +--------+--------+--------+--------+--------+-----+--------+
         Total |  16281 |  15550 |    731 |   2521 |  10005 |  16 | 1017.6 |
       Dungeon |  11934 |  11384 |    550 |   1461 |   7690 |  11 | 1084.9 |
        Temple |    251 |    205 |     46 |      0 |    193 |   1 |  251.0 |
          Lair |   3567 |   3433 |    134 |   1059 |   1779 |   3 | 1189.0 |
       Ossuary |    527 |    527 |      0 |      0 |    343 |   1 |  527.0 |
               +--------+--------+--------+--------+--------+-----+--------+

Top non-repeatable levels by time:
     D:8: 1708 daAuts
  Lair:2: 1703 daAuts
  Lair:1: 1485 daAuts
    D:11: 1340 daAuts
     D:9: 1279 daAuts
     D:2: 1204 daAuts
    D:10: 1036 daAuts
     D:7: 990 daAuts
     D:5: 954 daAuts
     D:1: 896 daAuts
     D:6: 891 daAuts
     D:3: 877 daAuts
     D:4: 754 daAuts
 Ossuary: 527 daAuts
  Lair:3: 378 daAuts

Table legend:
 A = Non-vault XP
 B = Vault XP
 C = Vault XP percentage of total XP
 D = Non-vault monster count
 E = Vault monster count
 F = Vault count percentage of total count
                 A         B        C        D         E       F
            +---------+---------+-------+---------+---------+-------
      Total |   26790 |    9276 |  25.7 |     274 |      88 |  24.3
            +---------+---------+-------+---------+---------+-------
        D:1 |      31 |       0 |   0.0 |      17 |       0 |   0.0
        D:2 |      90 |      36 |  28.6 |      24 |       1 |   4.0
        D:3 |     151 |       3 |   1.9 |      24 |       2 |   7.7
        D:4 |     164 |     641 |  79.6 |      12 |       1 |   7.7
        D:5 |     177 |     228 |  56.3 |      12 |       3 |  20.0
        D:6 |     866 |     196 |  18.5 |      13 |       1 |   7.1
        D:7 |     926 |       0 |   0.0 |      20 |       0 |   0.0
        D:8 |    2270 |     232 |   9.3 |      37 |       2 |   5.1
        D:9 |    1923 |     852 |  30.7 |      10 |       1 |   9.1
       D:10 |    1582 |     350 |  18.1 |      25 |       1 |   3.8
       D:11 |    2457 |     306 |  11.1 |      12 |      32 |  72.7
     Lair:1 |    4636 |     397 |   7.9 |      23 |       1 |   4.2
     Lair:2 |    9629 |     823 |   7.9 |      35 |       2 |   5.4
     Lair:3 |    1888 |    4976 |  72.5 |      10 |      10 |  50.0
    Ossuary |       0 |     236 | 100.0 |       0 |      31 | 100.0
            +---------+---------+-------+---------+---------+-------
